 Dungeon Crawl Stone Soup version 0.31-a0-187-gba352fbbf7 (webtiles) character file.

Game seed: 13413980467976681488

198 qw the Skirmisher (level 5, -1/29 HPs)
             Began as a Deep Elf Hunter on June 22, 2023.
             Succumbed to Duvessa's poison
             ... on level 4 of the Dungeon.
             The game lasted 00:00:57 (2704 turns).

qw the Skirmisher (Deep Elf Hunter)                 Turns: 2704, Time: 00:00:58

Health: -1/29      AC: 10    Str: 16    XL:     5   Next: 47%
Magic:  7/7        EV: 11    Int: 14    God:
Gold:   106        SH:  0    Dex: 16    Spells: 4/4 levels left

rFire   . . .        d - +2 orcbow (drain)
rCold   . . .        (shield currently unavailable)
rNeg    . . .        a - +0 ring mail
rPois   .            f - +0 helmet
rElec   .            (no cloak)
rCorr   +            (no gloves)
SInv    .            (no boots)
Will    +....        i - amulet of regeneration
Stlth   +            c - ring of the Witching Seer {Will+ rCorr AC+4 Str+6 Dex-2}
HPRegen 1.04/turn    (no ring)
MPRegen 0.10/turn

%: no passive effects
@: lethally poisoned (-1 -> -12)
A: no striking features
a: no special abilities


You were on level 4 of the Dungeon.
You visited 1 branch of the dungeon, and saw 4 of its levels.

You collected 106 gold pieces.


   Skills:
 + Level 1.5 Fighting
 - Level 9.0 Ranged Weapons
 - Level 2.4 Dodging
 - Level 1.2 Stealth


You had 4 spell levels left.
You didn't know any spells.
Your spell library was empty.

Inventory:

Hand Weapons
 d - a +2 orcbow of draining (weapon)
Armour
 a - a +0 ring mail (worn)
 f - a +0 helmet (worn)
Jewellery
 c - the ring of the Witching Seer (left hand) {Will+ rCorr AC+4 Str+6 Dex-2}
   (You found it on level 3 of the Dungeon)

   [ring of protection]

   AC:        It affects your AC (+4).
   Str:       It affects your strength (+6).
   Dex:       It affects your dexterity (-2).
   rCorr:     It protects you from acid and corrosion.
   Will:      It increases your willpower.
 i - an amulet of regeneration (around neck)
Scrolls
 j - a scroll of fear {unknown}
 l - a scroll of blinking {unknown}
Potions
 b - 2 potions of attraction {unknown}
 e - a potion of lignification {unknown}
 g - 2 potions of brilliance
 h - 2 potions of curing
 k - a potion of cancellation {unknown}

Dungeon Overview and Level Annotations

Branches:
Dungeon (4/15)
 Temple: D:4-7

Altars:
Kikubaaqudgha
Makhleb

Shops:
D:4 :

Annotations:
D:3 3 runed translucent doors, qw's ghost, amateur DEHu
D:4 1 runed translucent door, Crazy Yiuf; Dowan; Duvessa


Message History

The arrow hits Duvessa but does no damage.
You drain Duvessa.
Duvessa is lightly wounded.
Dowan casts a spell.
Dowan blinks!
You shoot an arrow. The arrow hits Duvessa.
You drain Duvessa.
Duvessa is lightly wounded.
You shoot an arrow. The arrow barely misses Duvessa.
Duvessa hits you but does no damage.
You are poisoned.
You shoot an arrow. The arrow hits Duvessa.
Duvessa is moderately wounded.
You feel sick.
Dowan smirks and points a slender finger.
Dowan casts a spell at Duvessa.
Duvessa seems to speed up.
Duvessa hits you with a +0 rapier of venom.
You are more poisoned.
You shoot an arrow. The arrow hits Duvessa.
You drain Duvessa.
Duvessa is moderately wounded.
You feel very sick. Duvessa hits you but does no damage.
You are more poisoned.
You shoot an arrow. The arrow hits Duvessa.
You drain Duvessa.
Duvessa is heavily wounded.
You feel very sick.
Duvessa drinks a potion.
Duvessa is healed!
You shoot an arrow. The arrow hits Duvessa.
Duvessa is lightly wounded.
You feel very sick.
Duvessa hits you with a +0 rapier of venom.
You are lethally poisoned!
Duvessa barely misses you.
You shoot an arrow. The arrow hits Duvessa.
Duvessa is moderately wounded.
You feel very sick. Duvessa barely misses you.
Duvessa hits you but does no damage.
You shoot an arrow. The arrow hits Duvessa.
You drain Duvessa.
Duvessa is moderately wounded.
You die...

#..}...# #. ##.......
#.### #........ #...#
##........ ...####
#.....#... .. .....)
##.}....... ...# #...#
#..........
.....##e..##.#'#........
......e@.....#.###...}..
...$.##...####...###...#
.#. #...# #..}...###.#
#...###........###
####...##.......... #
#.#...#####........}.##
#.......##.....#.....#.
###...#.##.}.%......##.
#...#.............#..


You could see Duvessa (fast, very drained) and Dowan (empowered).

Vanquished Creatures
  A hound (D:4)
  2 iguanas (D:4)
  A gnoll (D:1)
  2 adders
  A worm (D:3)
  3 dart slugs
  2 orcs
  10 ball pythons
  8 bats
  7 endoplasms
  A giant cockroach (D:2)
  4 goblins
  5 hobgoblins
  6 jackals
  7 kobolds
  7 quokkas
  2 frilled lizards
  7 rats
76 creatures vanquished.

Notes
Turn   | Place    | Note
-------+----------+-------------------------------------------
     0 | D:1      | qw the Deep Elf Hunter began the quest for the Orb.
     0 | D:1      | Reached XP level 1. HP: 12/12 MP: 3/3
     0 | D:1      | 0 ||| qw: Version: 0.3-a-9-g12657ce
     0 | D:1      | 0 ||| qw: Game counter: 2383
     0 | D:1      | 0 ||| qw: Always use a shield: true
     0 | D:1      | 0 ||| qw: God list: Okawaru
     0 | D:1      | 0 ||| qw: Allow faded altars: false
     0 | D:1      | 0 ||| qw: Do Orc after D:15 true
     0 | D:1      | 0 ||| qw: Do second Lair branch before Depths: true
     0 | D:1      | 0 ||| qw: Lair rune preference: random
     0 | D:1      | 0 ||| qw: Plans: Normal
     0 | D:1      | 0 ||| PLANNING D:1-11
    87 | D:1      | Reached skill level 6 in Ranged Weapons
    87 | D:1      | Reached XP level 2. HP: 16/16 MP: 4/4
   228 | D:1      | Reached XP level 3. HP: 20/20 MP: 5/5
   573 | D:1      | 573 ||| UPGRADING to +0 helmet.
   578 | D:1      | 578 ||| DROPPING ring of wizardry.
   579 | D:1      | 579 ||| READING scroll labelled OCKERA ZEIKK.
   580 | D:1      | 580 ||| DROPPING scroll of butterflies.
   675 | D:2      | Reached skill level 7 in Ranged Weapons
   895 | D:2      | Found a faded altar of an unknown god.
  1417 | D:2      | 1417 ||| UPGRADING to +0 ring mail.
  1427 | D:2      | 1427 ||| DROPPING +0 leather armour.
  1428 | D:2      | 1428 ||| UPGRADING to amulet of guardian spirit.
  1433 | D:2      | 1433 ||| UPGRADING to amulet of regeneration.
  1443 | D:2      | 1443 ||| DROPPING amulet of guardian spirit.
  1444 | D:2      | 1444 ||| READING scroll labelled QOT EMURHAOPT.
  1445 | D:2      | 1445 ||| DRINKING 2 fuming emerald potions.
  1446 | D:2      | 1446 ||| DROPPING potion of invisibility.
  1523 | D:3      | Reached XP level 4. HP: 25/25 MP: 6/6
  1615 | D:3      | Found an ancient bone altar of Kikubaaqudgha.
  1640 | D:3      | Identified the ring of the Witching Seer {Will+ rCorr AC+4
                  | Str+6 Dex-2}
  1673 | D:3      | Noticed qw's ghost (amateur DEHu)
  1705 | D:3      | Found a runed translucent gate.
  1705 | D:3      | Found a runed translucent gate.
  1705 | D:3      | Found a runed translucent gate.
  2343 | D:3      | 2343 ||| UPGRADING to ring of the Witching Seer {Will+
                  | rCorr AC+4 Str+6 Dex-2}.
  2344 | D:3      | 2344 ||| READING scroll labelled FYL SULOEMN.
  2345 | D:3      | 2345 ||| READING scroll labelled HABEOSHRU GUEHU.
  2345 | D:3      | Identified a scroll of acquirement
  2345 | D:3      | 2345 ||| ACQUIRING +2 orcbow of draining
  2345 | D:3      | Acquired a +2 orcbow of draining
  2347 | D:3      | 2347 ||| SWAPPING to +2 orcbow of draining.
  2348 | D:3      | 2348 ||| DROPPING +0 shortbow.
  2349 | D:3      | 2349 ||| DRINKING 2 fuming brown potions.
  2368 | D:4      | Reached skill level 8 in Ranged Weapons
  2394 | D:4      | Found Saoxaes's Vocational Training.
  2423 | D:4      | Found a burning altar of Makhleb.
  2436 | D:4      | Found a runed translucent door.
  2437 | D:4      | Noticed Crazy Yiuf
  2573 | D:4      | Reached XP level 5. HP: 25/29 MP: 7/7
  2655 | D:4      | Reached skill level 9 in Ranged Weapons
  2693 | D:4      | Noticed Duvessa
  2694 | D:4      | Noticed Dowan
  2703 | D:4      | HP: 3/29 [poisoned by Duvessa]
  2704 | D:4      | Succumbed to Duvessa's poison

Levels and vault maps discovered:
D:1:      tarquinn_simple_flora_water_c, layout_basic
D:2:      layout_basic, ebering_ecumenical_altar_petrified, serial_bayou_pond_a
D:3:      layout_basic, nicolae_kikubaaqudgha_miasma_corner,
          gammafunk_ghost_icy, serial_bayou_pond_e, corexii_corridor_pit
D:4:      minmay_skewed_foursquare, layout_basic,
          mainiacjoe_overflow_catwalk_spiral, bloody_makhleb,
          mainiacjoe_overflow_concentric_impassable, chequers_big_river,
          nicolae_shop_vocational, uniq_duvessa, uniq_crazy_yiuf_cottage

Skill      XL: |  1  2  3  4  5 |
---------------+----------------+-----
Ranged Weapons | 6 7 8 9 |  9.0
Fighting       | |  1.5
Dodging        | |  2.4
Stealth        | |  1.2

Action                     |  1- 3 |  4- 6 || total
---------------------------+-------+-------++-------
   Fire: Shortbow          |   120 |    56 ||   176
         Orcbow            |       |    35 ||    35
    Use: Scroll            |     2 |     2 ||     4
         Potion            |     1 |     1 ||     2
 Armour: Leather armour    |    12 |       ||    12
         Ring mail         |       |    23 ||    23
  Dodge: Dodged            |    21 |    24 ||    45

Table legend:
 A = Non-vault XP
 B = Vault XP
 C = Vault XP percentage of total XP
 D = Non-vault monster count
 E = Vault monster count
 F = Vault count percentage of total count
                 A         B        C        D         E       F
            +---------+---------+-------+---------+---------+-------
      Total |     151 |     133 |  46.8 |      69 |       7 |   9.2
            +---------+---------+-------+---------+---------+-------
        D:1 |      54 |       0 |   0.0 |      22 |       0 |   0.0
        D:2 |      42 |       0 |   0.0 |      26 |       0 |   0.0
        D:3 |      53 |       0 |   0.0 |      20 |       0 |   0.0
        D:4 |       2 |     133 |  98.5 |       1 |       7 |  87.5
            +---------+---------+-------+---------+---------+-------
